Gangsters vs Sewer Rats
(R1)
Created - October 11, 2017 at 23:27
Goals
|
| Gangsters |
4 |
0 |
3 |
7 |
| Sewer Rats |
2 |
0 |
4 |
6 |
|
Shots
|
| Gangsters |
12 |
6 |
14 |
32 |
| Sewer Rats |
10 |
8 |
12 |
30 |
|
1st period
1. Gangsters , Richard Panik 1 (Bryan Young 1) at 0:28
2. Sewer Rats , Ville Leino 1 (Kyle Turris 1) at 8:06 (PP)
3. Gangsters , Matt Delahey 1 (Seth Griffith 1, Brendan Woods 1) at 9:59
4. Gangsters , Chris Bourque 1 (Artem Anisimov 1, Gustav Nyquist 1) at 11:25
5. Sewer Rats , Mark Mancari 1 (Kyle Turris 2) at 15:41
6. Gangsters , Richard Panik 2 (Tomas Hertl 1) at 19:35 (PP)
Penalties :
Colten Teubert (Bro) for Roughing (Minor) at 8:01, William Karlsson (Tol) for Cross-checking (Minor) at 19:07
2nd period
No Goal
Penalties :
Mark Mancari (Tol) for Tripping (Minor) at 1:13, Devante Smith-Pelly (Bro) for Interference (Minor) at 5:36, Jonathan Huberdeau (Tol) for Holding (Minor) at 9:45, Ville Leino (Tol) for Interference (Minor) at 11:34, Matt Delahey (Bro) for High sticking (Minor) at 14:13
3rd period
7. Sewer Rats , Jonathan Huberdeau 1 (Joel Edmundson 1) at 5:43
8. Sewer Rats , Jared Boll 1 (Zach Boychuk 1) at 6:34
9. Sewer Rats , Kyle Turris 1 (Ville Leino 1) at 6:43
10. Gangsters , Magnus Paajarvi-Svensson 1 (Tomas Hertl 2, Richard Panik 1) at 11:30
11. Gangsters , Artem Anisimov 1 (Gustav Nyquist 2, Patrik Nemeth 1) at 11:44
12. Sewer Rats , William Karlsson 1 (Steven Kampfer 1, Daniel Carr 1) at 13:26
13. Gangsters , Devante Smith-Pelly 1 (Colten Teubert 1) at 15:27 (PP)
Penalties :
Jarred Tinordi (Tol) for Slashing (Minor) at 1:57, Gustav Nyquist (Bro) for High sticking (Minor) at 7:18, Mattias Ekholm (Tol) for Hooking (Minor) at 13:35, Gustav Nyquist (Bro) for Hooking (Minor) at 19:04
Goalie Stats
Mike Condon (Bro), 24 saves from 30 shots - (0.800), W, 1-0-0, 60:00 minutes
Marek Mazanek (Tol), 17 saves from 20 shots - (0.850), L, 0-1-0, 39:18 minutes
Richard Bachman (Tol), 8 saves from 12 shots - (0.667), 19:35 minutes
Players Stats for Gangsters
Player Name G A P +/- PIM S H SB GA TA FO MP PP MP PK MP
------------------------------------------------------------------------------------
Artem Anisimov 1 1 2 -1 0 1 1 0 0 0 20/32 23:56 5:47 4:34
Brendan Woods 0 1 1 0 0 1 0 0 0 0 0/0 7:36 0:05 0:00
Bryan Young 0 1 1 -1 0 0 2 0 0 1 0/0 29:54 5:45 5:06
Chris Bourque 1 0 1 -1 0 3 0 0 3 2 2/2 21:45 5:47 2:14
Colten Teubert 0 1 1 -1 2 3 2 2 1 0 0/0 30:19 5:45 4:41
Dave Dziurzynski 0 0 0 -1 0 0 2 1 0 1 0/0 9:59 0:05 0:00
Devante Smith-Pelly 1 0 1 -1 2 3 1 0 1 0 2/4 12:20 0:05 2:08
Gustav Nyquist 0 2 2 -1 4 3 0 0 1 0 4/8 21:49 5:47 2:29
Magnus Paajarvi-Svensson 1 0 1 2 0 3 2 0 2 0 0/1 16:13 4:14 0:00
Matt Delahey 1 0 1 1 2 3 2 0 0 1 0/0 19:02 4:21 1:10
Maxime Sauvé 0 0 0 -1 0 1 0 2 1 0 4/5 10:36 0:00 0:56
Michael Sdao 0 0 0 0 0 1 1 0 0 0 0/0 10:23 0:00 0:00
Morgan Ellis 0 0 0 0 0 1 0 1 0 0 0/0 10:17 0:00 0:46
Patrik Nemeth 0 1 1 1 0 1 1 0 0 0 0/0 20:04 4:21 2:11
Richard Panik 2 1 3 2 0 5 2 2 0 0 1/1 16:13 4:14 0:00
Sebastian Collberg 0 0 0 0 0 0 0 0 0 0 0/0 7:17 0:00 0:00
Seth Griffith 0 1 1 0 0 1 1 0 0 1 0/2 7:27 0:00 0:10
Tomas Hertl 0 2 2 2 0 2 2 1 0 0 3/14 17:48 4:14 1:23
Players Stats for Sewer Rats
Player Name G A P +/- PIM S H SB GA TA FO MP PP MP PK MP
------------------------------------------------------------------------------------
Connor Carrick 0 0 0 1 0 0 0 0 0 0 0/0 5:05 0:00 0:00
Daniel Carr 0 1 1 1 0 1 1 0 0 1 0/1 7:36 0:00 0:35
Dmitrij Jaskin 0 0 0 1 0 0 0 0 0 0 0/0 7:20 0:03 0:00
Jared Boll 1 0 1 -2 0 2 2 0 0 0 0/0 14:15 2:42 0:00
Jarred Tinordi 0 0 0 0 2 0 2 0 0 0 0/0 18:45 2:08 3:13
Joel Edmundson 0 1 1 0 0 1 2 3 0 0 0/0 9:26 0:00 0:00
John Ramage 0 0 0 0 0 0 0 0 0 1 0/0 11:29 0:00 2:03
Jonathan Huberdeau 1 0 1 0 2 4 2 0 2 1 0/1 13:57 0:03 2:04
Jonathan Marchessault 0 0 0 -2 0 2 1 0 1 0 8/13 14:15 2:42 0:00
Kyle Turris 1 2 3 1 0 6 1 0 0 0 13/28 19:12 4:12 2:28
Mark Mancari 1 0 1 1 2 2 0 1 1 1 4/10 21:19 4:12 4:34
Martin Frk 0 0 0 0 0 1 2 0 0 0 0/0 11:15 0:00 0:00
Matt Lashoff 0 0 0 -1 0 2 1 0 1 1 0/0 25:45 4:49 5:37
Mattias Ekholm 0 0 0 -1 2 1 2 3 0 0 0/0 24:37 4:49 4:30
Nick Cousins 0 0 0 0 0 0 0 0 0 0 0/0 0:19 0:03 0:00
Ryan Murphy 0 0 0 1 0 0 0 0 0 0 0/0 5:33 0:00 0:28
Steven Kampfer 0 1 1 0 0 1 2 5 1 1 0/0 19:36 2:08 4:21
Ville Leino 1 1 2 1 2 3 0 0 0 0 0/1 21:25 4:12 4:39
Vincent Trocheck 0 0 0 0 0 1 1 0 0 0 5/10 14:11 0:00 2:38
William Karlsson 1 0 1 1 2 1 0 0 0 2 3/5 7:46 0:00 0:46
Zach Boychuk 0 1 1 -2 0 2 0 0 0 1 0/0 16:32 2:42 2:17
3 Stars
1 - Richard Panik (Bro)
2 - Kyle Turris (Tol)
3 - Tomas Hertl (Bro)
Power Play
Gangsters - 2 on 6 Attempt(s) - 33.33%
Sewer Rats - 1 on 5 Attempt(s) - 20.00%
Penalty Kill
Gangsters - 4 on 5 Attempt(s) - 80.00%
- Score 0 goal in Penalty Kill
Sewer Rats - 4 on 6 Attempt(s) - 66.67%
- Score 0 goal in Penalty Kill
Team Stat
Gangsters - Hits : 19 - Faceoff Wins : 36 - Blocked Shots : 9 - Penalty Minutes : 10
Sewer Rats - Hits : 19 - Faceoff Wins : 33 - Blocked Shots : 12 - Penalty Minutes : 12
Official
Referees : Hasenfratz Mike and Banfield David
Linesman : Andy McElman and Thor Nelson
Game Notes
Marek Mazanek enters game at 19:35 of 1st period
Finance
Level 1 -- Attendance: 1613 (80.65%) -- Ticket Income $56,455
Level 2 -- Attendance: 762 (76.20%) -- Ticket Income $12,954
Total Attendance: 2375 (79.17%)
Total Ticket Income: $69,409
Other Income: $3,470
Total Income: $72,879
Gangsters
5 vs 5 Forward
Center Left Wing Right Wing Time % Phy DF OF
1 Artem Anisimov Chris Bourque Gustav Nyquist 40 1 2 2
2 Tomas Hertl Magnus Paajarvi-Svensson Richard Panik 30 1 2 2
3 Maxime Sauvé Dave Dziurzynski Devante Smith-Pelly 20 1 2 2
4 Seth Griffith Brendan Woods Sebastian Collberg 10 1 2 2
5 vs 5 Defense
Defense Defense Time % Phy DF OF
1 Colten Teubert Bryan Young 40 1 2 2
2 Patrik Nemeth Matt Delahey 30 1 2 2
3 Michael Sdao Morgan Ellis 20 1 2 2
4 Colten Teubert Bryan Young 10 1 2 2
PowerPlay Forward
Center Left Wing Right Wing Time % Phy DF OF
1 Artem Anisimov Chris Bourque Gustav Nyquist 60 1 2 2
2 Tomas Hertl Magnus Paajarvi-Svensson Richard Panik 40 1 2 2
PowerPlay Defense
Defense Defense Time % Phy DF OF
1 Colten Teubert Bryan Young 60 1 2 2
2 Patrik Nemeth Matt Delahey 40 1 2 2
Penalty Kill 4 Players Forward
Center Wing Time % Phy DF OF
1 Gustav Nyquist Artem Anisimov 60 1 2 2
2 Chris Bourque Maxime Sauvé 40 1 2 2
Penalty Kill 4 Players Defense
Defense Defense Time % Phy DF OF
1 Colten Teubert Bryan Young 60 1 2 2
2 Patrik Nemeth Matt Delahey 40 1 2 2
Penalty Kill - 3 Players Forward
Forward Time % Phy DF OF
1 Gustav Nyquist 60 1 2 2
2 Artem Anisimov 40 1 2 2
Penalty Kill - 3 Players Defense
Defense Defense Time % Phy DF OF
1 Colten Teubert Bryan Young 60 1 2 2
2 Patrik Nemeth Matt Delahey 40 1 2 2
4 vs 4 Forward
Center Wing Time % Phy DF OF
1 Gustav Nyquist Artem Anisimov 60 1 2 2
2 Chris Bourque Maxime Sauvé 40 1 2 2
4 vs 4 Defense
Defense Defense Time % Phy DF OF
1 Colten Teubert Bryan Young 60 1 2 2
2 Patrik Nemeth Matt Delahey 40 1 2 2
Last Minutes Offensive
Center Left Wing Right Wing Defense Defense
Artem Anisimov Chris Bourque Gustav Nyquist Colten Teubert Bryan Young
Last Minutes Defensive
Center Left Wing Right Wing Defense Defense
Artem Anisimov Chris Bourque Gustav Nyquist Colten Teubert Bryan Young
Goaltenders
Starting : Mike Condon
Backup : Dustin Tokarski
Extra Forwards
Normal : Tomas Hertl, Dave Dziurzynski, Devante Smith-Pelly - PP : Tomas Hertl, Dave Dziurzynski - PK : Devante Smith-Pelly
Extra Defensemen
Normal : Michael Sdao, Morgan Ellis, Patrik Nemeth - PP : Michael Sdao - PK : Morgan Ellis, Patrik Nemeth
Penalty Shots
Gustav Nyquist, Artem Anisimov, Chris Bourque, Maxime Sauvé, Richard Panik
Scratches
Kevin Roy (Healthy), Brett Ponich (Healthy), Stefan Noesen (Healthy), Derrick Pouliot (Healthy), Ryan Culkin (Healthy)
Phillip Danault (Healthy), Jonas Brodin (Healthy), Austen Brassard (Healthy), Jordan Binnington (Healthy)
Sewer Rats
5 vs 5 Forward
Center Left Wing Right Wing Time % Phy DF OF
1 Kyle Turris Ville Leino Mark Mancari 35 1 2 2
2 Jonathan Marchessault Zach Boychuk Jared Boll 27 1 2 2
3 Vincent Trocheck Jonathan Huberdeau Martin Frk 25 1 2 2
4 William Karlsson Daniel Carr Dmitrij Jaskin 13 1 2 2
5 vs 5 Defense
Defense Defense Time % Phy DF OF
1 Matt Lashoff Mattias Ekholm 35 1 2 2
2 Steven Kampfer Jarred Tinordi 30 1 2 2
3 Joel Edmundson John Ramage 25 1 2 2
4 Ryan Murphy Connor Carrick 10 1 2 2
PowerPlay Forward
Center Left Wing Right Wing Time % Phy DF OF
1 Kyle Turris Ville Leino Mark Mancari 60 1 2 2
2 Jonathan Marchessault Zach Boychuk Jared Boll 40 1 2 2
PowerPlay Defense
Defense Defense Time % Phy DF OF
1 Matt Lashoff Mattias Ekholm 60 1 2 2
2 Steven Kampfer Jarred Tinordi 40 1 2 2
Penalty Kill 4 Players Forward
Center Wing Time % Phy DF OF
1 Mark Mancari Ville Leino 60 1 2 2
2 Kyle Turris Zach Boychuk 40 1 2 2
Penalty Kill 4 Players Defense
Defense Defense Time % Phy DF OF
1 Matt Lashoff Mattias Ekholm 60 1 2 2
2 Steven Kampfer Jarred Tinordi 40 1 2 2
Penalty Kill - 3 Players Forward
Forward Time % Phy DF OF
1 Mark Mancari 60 1 2 2
2 Ville Leino 40 1 2 2
Penalty Kill - 3 Players Defense
Defense Defense Time % Phy DF OF
1 Matt Lashoff Mattias Ekholm 60 1 2 2
2 Steven Kampfer Jarred Tinordi 40 1 2 2
4 vs 4 Forward
Center Wing Time % Phy DF OF
1 Mark Mancari Ville Leino 60 1 2 2
2 Kyle Turris Zach Boychuk 40 1 2 2
4 vs 4 Defense
Defense Defense Time % Phy DF OF
1 Matt Lashoff Mattias Ekholm 60 1 2 2
2 Steven Kampfer Jarred Tinordi 40 1 2 2
Last Minutes Offensive
Center Left Wing Right Wing Defense Defense
Kyle Turris Ville Leino Mark Mancari Matt Lashoff Mattias Ekholm
Last Minutes Defensive
Center Left Wing Right Wing Defense Defense
Kyle Turris Ville Leino Mark Mancari Matt Lashoff Mattias Ekholm
Goaltenders
Starting : Richard Bachman
Backup : Marek Mazanek
Extra Forwards
Normal : Nick Cousins, Jonathan Huberdeau, Vincent Trocheck - PP : Nick Cousins, Jonathan Huberdeau - PK : Vincent Trocheck
Extra Defensemen
Normal : Joel Edmundson, John Ramage, Ryan Murphy - PP : Joel Edmundson - PK : John Ramage, Ryan Murphy
Penalty Shots
Mark Mancari, Ville Leino, Kyle Turris, Zach Boychuk, Jared Boll
Scratches
Josh Archibald (Healthy), Xavier Ouellet (Healthy), Jonathan Racine (Healthy), Joseph Blandisi (Healthy), Chris Calhan (Healthy)
Tom Sestito (Healthy)
% Time on Ice - Gangsters
Lines # - Real PCT - Wanted PCT - Time Play
Normal Forward
1 - 32% - 40% - 13:47
2 - 28% - 30% - 11:59
3 - 23% - 20% - 9:40
4 - 17% - 10% - 7:17
Normal Defense
1 - 42% - 40% - 17:52
2 - 32% - 30% - 13:32
3 - 22% - 20% - 9:17
4 - 5% - 10% - 2:02
PP Forward
1 - 58% - 60% - 5:52
2 - 42% - 40% - 4:14
PP Defense
1 - 57% - 60% - 5:45
2 - 43% - 40% - 4:21
PK Forward
1 - 87% - 60% - 6:01
2 - 13% - 40% - 0:56
PK Defense
1 - 69% - 60% - 4:46
2 - 31% - 40% - 2:11
PK3 Forward
1 - 0% - 60%
2 - 0% - 40%
PK3 Defense
1 - 0% - 60%
2 - 0% - 40%
44 Forward
1 - 0% - 60%
2 - 0% - 40%
44 Defense
1 - 0% - 60%
2 - 0% - 40%
Last Minute Offensive - 0:00
Last Minute Defensive - 0:14
Total
Forward - 60:00
Defense - 60:00
|
% Time on Ice - Sewer Rats
Lines # - Real PCT - Wanted PCT - Time Play
Normal Forward
1 - 31% - 35% - 13:08
2 - 27% - 27% - 11:33
3 - 26% - 25% - 11:15
4 - 16% - 13% - 7:01
Normal Defense
1 - 36% - 35% - 15:19
2 - 31% - 30% - 13:07
3 - 22% - 25% - 9:26
4 - 12% - 10% - 5:05
PP Forward
1 - 61% - 60% - 4:15
2 - 39% - 40% - 2:42
PP Defense
1 - 69% - 60% - 4:49
2 - 31% - 40% - 2:08
PK Forward
1 - 77% - 60% - 7:39
2 - 23% - 40% - 2:17
PK Defense
1 - 56% - 60% - 5:35
2 - 44% - 40% - 4:21
PK3 Forward
1 - 100% - 60% - 0:10
2 - 0% - 40% - 0:00
PK3 Defense
1 - 100% - 60% - 0:10
2 - 0% - 40% - 0:00
44 Forward
1 - 0% - 60%
2 - 0% - 40%
44 Defense
1 - 0% - 60%
2 - 0% - 40%
Last Minute Offensive - 0:00
Last Minute Defensive - 0:00
Total
Forward - 60:00
Defense - 60:00
|
Play by Play
1st period
0:01 of 1st period - Artem Anisimov wins face-off versus Kyle Turris in neutral zone.
0:28 of 1st period - Snap shot by Richard Panik.
0:28 of 1st period - Goal by Richard Panik - Gangsters : 1 - Sewer Rats : 0.
0:29 of 1st period - Devante Smith-Pelly wins face-off versus Jonathan Huberdeau in neutral zone.
1:32 of 1st period - Off-side.
1:33 of 1st period - Artem Anisimov wins face-off versus Kyle Turris in neutral zone.
1:58 of 1st period - Michael Sdao is hit by Joel Edmundson.
2:23 of 1st period - Zach Boychuk is hit by Colten Teubert and loses puck.
2:50 of 1st period - Snap shot by Dave Dziurzynski.
2:50 of 1st period - Shot Misses the Net.
2:52 of 1st period - Wrist shot by Devante Smith-Pelly.
2:52 of 1st period - Shot Misses the Net.
3:47 of 1st period - Jarred Tinordi is hit by Magnus Paajarvi-Svensson and loses puck.
4:04 of 1st period - Maxime Sauvé is hit by Steven Kampfer and loses puck.
4:41 of 1st period - Wrist shot by Mark Mancari.
4:41 of 1st period - Shot Hit the Post.
5:22 of 1st period - Wrist shot by Jonathan Huberdeau.
5:22 of 1st period - Stopped by Mike Condon with a rebound.
5:59 of 1st period - Icing by Maxime Sauvé.
6:00 of 1st period - Artem Anisimov wins face-off versus Ville Leino in Gangsters zone.
6:18 of 1st period - Icing by Gustav Nyquist.
6:19 of 1st period - Vincent Trocheck wins face-off versus Magnus Paajarvi-Svensson in Gangsters zone.
6:20 of 1st period - Snap shot by Jonathan Huberdeau.
6:20 of 1st period - Stopped by Mike Condon without a rebound.
6:21 of 1st period - Richard Panik wins face-off versus Vincent Trocheck in Gangsters zone.
6:21 of 1st period - Richard Panik is hit by Martin Frk.
6:29 of 1st period - Wrist shot by Tomas Hertl.
6:29 of 1st period - Deflect By Vincent Trocheck.
6:29 of 1st period - Shot Misses the Net.
6:29 of 1st period - Puck is out of play.
6:30 of 1st period - Kyle Turris wins face-off versus Artem Anisimov in Sewer Rats zone.
6:45 of 1st period - Wrist shot by Kyle Turris.
6:45 of 1st period - Stopped by Mike Condon without a rebound.
6:46 of 1st period - Jonathan Marchessault wins face-off versus Tomas Hertl in Gangsters zone.
6:47 of 1st period - Wrist shot by Zach Boychuk.
6:47 of 1st period - Stopped by Mike Condon with a rebound.
7:17 of 1st period - Snap shot by Gustav Nyquist.
7:17 of 1st period - Stopped by Richard Bachman without a rebound.
7:18 of 1st period - Artem Anisimov wins face-off versus Vincent Trocheck in Sewer Rats zone.
7:29 of 1st period - Snap shot by Artem Anisimov.
7:29 of 1st period - Shot Blocked by Mattias Ekholm.
7:31 of 1st period - Slapshot by Matt Delahey.
7:31 of 1st period - Stopped by Richard Bachman without a rebound.
7:32 of 1st period - Kyle Turris wins face-off versus Tomas Hertl in Sewer Rats zone.
8:01 of 1st period - Minor Penalty to Colten Teubert for Roughing.
8:02 of 1st period - Kyle Turris wins face-off versus Gustav Nyquist in Gangsters zone.
8:06 of 1st period - Slapshot by Ville Leino.
8:06 of 1st period - Goal by Ville Leino - Gangsters : 1 - Sewer Rats : 1.
8:07 of 1st period - Vincent Trocheck wins face-off versus Artem Anisimov in neutral zone.
8:10 of 1st period - Slapshot by Martin Frk.
8:10 of 1st period - Shot Misses the Net.
8:54 of 1st period - Wrist shot by Mark Mancari.
8:54 of 1st period - Deflect By Daniel Carr.
8:54 of 1st period - Shot Misses the Net.
8:54 of 1st period - Puck is out of play.
8:55 of 1st period - William Karlsson wins face-off versus Tomas Hertl in Gangsters zone.
9:06 of 1st period - Wrist shot by Daniel Carr.
9:06 of 1st period - Stopped by Mike Condon without a rebound.
9:07 of 1st period - Jonathan Marchessault wins face-off versus Artem Anisimov in Gangsters zone.
9:55 of 1st period - Slapshot by Brendan Woods.
9:55 of 1st period - Shot Misses the Net.
9:57 of 1st period - Slapshot by Seth Griffith.
9:57 of 1st period - Shot Misses the Net.
9:59 of 1st period - Wrist shot by Matt Delahey.
9:59 of 1st period - Goal by Matt Delahey - Gangsters : 2 - Sewer Rats : 1.
10:00 of 1st period - Artem Anisimov wins face-off versus Jonathan Marchessault in neutral zone.
10:09 of 1st period - Slapshot by Jonathan Marchessault.
10:09 of 1st period - Stopped by Mike Condon without a rebound.
10:10 of 1st period - Jonathan Marchessault wins face-off versus Artem Anisimov in Gangsters zone.
10:11 of 1st period - Wrist shot by Zach Boychuk.
10:11 of 1st period - Shot Blocked by Colten Teubert.
10:19 of 1st period - Bryan Young is hit by Jared Boll and loses puck.
10:48 of 1st period - Slapshot by Gustav Nyquist.
10:48 of 1st period - Stopped by Richard Bachman with a rebound.
11:00 of 1st period - Colten Teubert is hit by Jonathan Marchessault and loses puck.
11:25 of 1st period - Snap shot by Artem Anisimov.
11:25 of 1st period - Deflect By Chris Bourque.
11:25 of 1st period - Goal by Chris Bourque - Gangsters : 3 - Sewer Rats : 1.
11:26 of 1st period - Maxime Sauvé wins face-off versus Kyle Turris in neutral zone.
11:39 of 1st period - Wrist shot by Maxime Sauvé.
11:39 of 1st period - Stopped by Richard Bachman with a rebound.
11:53 of 1st period - Vincent Trocheck is hit by Patrik Nemeth and loses puck.
12:31 of 1st period - Slapshot by Vincent Trocheck.
12:31 of 1st period - Shot Blocked by Maxime Sauvé.
12:33 of 1st period - Wrist shot by Jonathan Huberdeau.
12:33 of 1st period - Shot Blocked by Morgan Ellis.
13:47 of 1st period - Snap shot by Devante Smith-Pelly.
13:47 of 1st period - Stopped by Richard Bachman without a rebound.
13:48 of 1st period - Kyle Turris wins face-off versus Tomas Hertl in Sewer Rats zone.
14:14 of 1st period - William Karlsson is hit by Bryan Young and loses puck.
15:03 of 1st period - Off-side.
15:04 of 1st period - Artem Anisimov wins face-off versus William Karlsson in neutral zone.
15:06 of 1st period - Off-side.
15:07 of 1st period - William Karlsson wins face-off versus Tomas Hertl in neutral zone.
15:41 of 1st period - Slapshot by Mark Mancari.
15:41 of 1st period - Goal by Mark Mancari - Gangsters : 3 - Sewer Rats : 2.
15:42 of 1st period - Kyle Turris wins face-off versus Tomas Hertl in neutral zone.
15:57 of 1st period - Wrist shot by Tomas Hertl.
15:57 of 1st period - Stopped by Richard Bachman with a rebound.
16:09 of 1st period - Colten Teubert is hit by Matt Lashoff and loses puck.
16:34 of 1st period - Wrist shot by Brendan Woods.
16:34 of 1st period - Stopped by Richard Bachman with a rebound.
16:36 of 1st period - Slapshot by Patrik Nemeth.
16:36 of 1st period - Shot Blocked by Joel Edmundson.
16:54 of 1st period - Slapshot by Martin Frk.
16:54 of 1st period - Deflect By Jonathan Huberdeau.
16:54 of 1st period - Shot Blocked by Dave Dziurzynski.
16:54 of 1st period - Puck is out of play.
16:55 of 1st period - Maxime Sauvé wins face-off versus Vincent Trocheck in Gangsters zone.
17:02 of 1st period - Snap shot by Dave Dziurzynski.
17:02 of 1st period - Shot Misses the Net.
17:04 of 1st period - Slapshot by Morgan Ellis.
17:04 of 1st period - Shot Blocked by Mattias Ekholm.
17:06 of 1st period - Snap shot by Michael Sdao.
17:06 of 1st period - Stopped by Richard Bachman with a rebound.
17:08 of 1st period - Slapshot by Morgan Ellis.
17:08 of 1st period - Shot Misses the Net.
17:10 of 1st period - Snap shot by Maxime Sauvé.
17:10 of 1st period - Shot Blocked by Mattias Ekholm.
17:12 of 1st period - Snap shot by Maxime Sauvé.
17:12 of 1st period - Shot Misses the Net.
17:18 of 1st period - Wrist shot by Dave Dziurzynski.
17:18 of 1st period - Shot Misses the Net.
17:31 of 1st period - Snap shot by Maxime Sauvé.
17:31 of 1st period - Shot Misses the Net.
17:57 of 1st period - Slapshot by Vincent Trocheck.
17:57 of 1st period - Shot Blocked by Maxime Sauvé.
18:10 of 1st period - Snap shot by Jonathan Huberdeau.
18:10 of 1st period - Stopped by Mike Condon without a rebound.
18:11 of 1st period - Artem Anisimov wins face-off versus Kyle Turris in Gangsters zone.
18:11 of 1st period - Artem Anisimov is hit by Jarred Tinordi.
18:17 of 1st period - Snap shot by Kyle Turris.
18:17 of 1st period - Stopped by Mike Condon with a rebound.
18:37 of 1st period - Tomas Hertl is hit by Jared Boll and loses puck.
19:07 of 1st period - Minor Penalty to William Karlsson for Cross-checking.
19:08 of 1st period - Mark Mancari wins face-off versus Artem Anisimov in Sewer Rats zone.
19:35 of 1st period - Slapshot by Richard Panik.
19:35 of 1st period - Goal by Richard Panik - Gangsters : 4 - Sewer Rats : 2.
19:35 of 1st period - Marek Mazanek enters game.
19:36 of 1st period - Kyle Turris wins face-off versus Artem Anisimov in neutral zone.
Goals for this period are 4 for Gangsters vs 2 for Sewer Rats.
Shots for this period are 12 for Gangsters vs 10 for Sewer Rats.
2nd period
0:01 of 2nd period - Kyle Turris wins face-off versus Tomas Hertl in neutral zone.
0:58 of 2nd period - Wrist shot by Zach Boychuk.
0:58 of 2nd period - Deflect By Jared Boll.
0:58 of 2nd period - Stopped by Mike Condon with a rebound.
1:13 of 2nd period - Minor Penalty to Mark Mancari for Tripping.
1:14 of 2nd period - Vincent Trocheck wins face-off versus Artem Anisimov in Sewer Rats zone.
1:46 of 2nd period - Ville Leino is hit by Tomas Hertl and loses puck.
2:09 of 2nd period - Gustav Nyquist is hit by Mattias Ekholm and loses puck.
2:57 of 2nd period - Richard Panik is hit by Kyle Turris and loses puck.
3:13 of 2nd period - Penalty to Mark Mancari is over, Mark Mancari is back on ice.
3:24 of 2nd period - Wrist shot by Jared Boll.
3:24 of 2nd period - Deflect By Zach Boychuk.
3:24 of 2nd period - Stopped by Mike Condon with a rebound.
3:26 of 2nd period - Wrist shot by Joel Edmundson.
3:26 of 2nd period - Deflect By Devante Smith-Pelly.
3:26 of 2nd period - Stopped by Mike Condon without a rebound.
3:27 of 2nd period - Jonathan Marchessault wins face-off versus Seth Griffith in Gangsters zone.
3:52 of 2nd period - Kyle Turris is hit by Dave Dziurzynski and loses puck.
4:37 of 2nd period - Slapshot by Martin Frk.
4:37 of 2nd period - Shot Misses the Net.
4:39 of 2nd period - Snap shot by Vincent Trocheck.
4:39 of 2nd period - Stopped by Mike Condon with a rebound.
4:41 of 2nd period - Slapshot by Ryan Murphy.
4:41 of 2nd period - Deflect By Martin Frk.
4:41 of 2nd period - Stopped by Mike Condon with a rebound.
4:43 of 2nd period - Slapshot by Vincent Trocheck.
4:43 of 2nd period - Deflect By Martin Frk.
4:43 of 2nd period - Shot Blocked by Tomas Hertl.
4:43 of 2nd period - Puck is out of play.
4:44 of 2nd period - Artem Anisimov wins face-off versus Jonathan Marchessault in Gangsters zone.
5:36 of 2nd period - Minor Penalty to Devante Smith-Pelly for Interference.
5:37 of 2nd period - Gustav Nyquist wins face-off versus Kyle Turris in Gangsters zone.
5:47 of 2nd period - Snap shot by Matt Lashoff.
5:47 of 2nd period - Stopped by Mike Condon without a rebound.
5:48 of 2nd period - Gustav Nyquist wins face-off versus Kyle Turris in Gangsters zone.
6:01 of 2nd period - Wrist shot by Kyle Turris.
6:01 of 2nd period - Stopped by Mike Condon without a rebound.
6:02 of 2nd period - Kyle Turris wins face-off versus Gustav Nyquist in Gangsters zone.
6:41 of 2nd period - Snap shot by Jonathan Marchessault.
6:41 of 2nd period - Stopped by Mike Condon without a rebound.
6:42 of 2nd period - Chris Bourque wins face-off versus Jonathan Marchessault in Gangsters zone.
7:36 of 2nd period - Penalty to Devante Smith-Pelly is over, Devante Smith-Pelly is back on ice.
7:51 of 2nd period - Martin Frk is hit by Seth Griffith and loses puck.
8:14 of 2nd period - Mattias Ekholm is hit by Richard Panik and loses puck.
8:38 of 2nd period - Zach Boychuk is hit by Michael Sdao and loses puck.
9:16 of 2nd period - Matt Delahey is hit by Daniel Carr and loses puck.
9:39 of 2nd period - Snap shot by Magnus Paajarvi-Svensson.
9:39 of 2nd period - Shot Misses the Net.
9:45 of 2nd period - Minor Penalty to Jonathan Huberdeau for Holding.
9:46 of 2nd period - Artem Anisimov wins face-off versus Mark Mancari in Sewer Rats zone.
10:41 of 2nd period - Icing by Tomas Hertl.
10:42 of 2nd period - Tomas Hertl wins face-off versus Mark Mancari in Gangsters zone.
11:34 of 2nd period - Minor Penalty to Ville Leino for Interference.
11:35 of 2nd period - Artem Anisimov wins face-off versus Mark Mancari in Sewer Rats zone.
11:40 of 2nd period - Snap shot by Gustav Nyquist.
11:40 of 2nd period - Stopped by Marek Mazanek with a rebound.
11:42 of 2nd period - Snap shot by Chris Bourque.
11:42 of 2nd period - Stopped by Marek Mazanek without a rebound.
11:43 of 2nd period - Artem Anisimov wins face-off versus Mark Mancari in Sewer Rats zone.
11:45 of 2nd period - Penalty to Jonathan Huberdeau is over, Jonathan Huberdeau is back on ice.
12:42 of 2nd period - Patrik Nemeth is hit by Mattias Ekholm and loses puck.
13:08 of 2nd period - Icing by Magnus Paajarvi-Svensson.
13:09 of 2nd period - Vincent Trocheck wins face-off versus Tomas Hertl in Gangsters zone.
13:10 of 2nd period - Snap shot by Daniel Carr.
13:10 of 2nd period - Shot Blocked by Richard Panik.
13:34 of 2nd period - Penalty to Ville Leino is over, Ville Leino is back on ice.
13:35 of 2nd period - Icing by Gustav Nyquist.
13:36 of 2nd period - Artem Anisimov wins face-off versus Jonathan Marchessault in Gangsters zone.
13:38 of 2nd period - Icing by Chris Bourque.
13:39 of 2nd period - Artem Anisimov wins face-off versus Jonathan Marchessault in Gangsters zone.
13:39 of 2nd period - Artem Anisimov is hit by Joel Edmundson.
14:01 of 2nd period - Wrist shot by Ville Leino.
14:01 of 2nd period - Shot Misses the Net.
14:13 of 2nd period - Minor Penalty to Matt Delahey for High sticking.
14:14 of 2nd period - Gustav Nyquist wins face-off versus Kyle Turris in Gangsters zone.
16:13 of 2nd period - Penalty to Matt Delahey is over, Matt Delahey is back on ice.
16:24 of 2nd period - Brendan Woods is hit by Jarred Tinordi and loses puck.
16:35 of 2nd period - Steven Kampfer is hit by Magnus Paajarvi-Svensson and loses puck.
16:42 of 2nd period - Slapshot by Tomas Hertl.
16:42 of 2nd period - Shot Misses the Net.
16:44 of 2nd period - Slapshot by Colten Teubert.
16:44 of 2nd period - Stopped by Marek Mazanek without a rebound.
16:45 of 2nd period - Maxime Sauvé wins face-off versus William Karlsson in Sewer Rats zone.
17:20 of 2nd period - Snap shot by Richard Panik.
17:20 of 2nd period - Stopped by Marek Mazanek with a rebound.
18:01 of 2nd period - Zach Boychuk is hit by Dave Dziurzynski and loses puck.
18:21 of 2nd period - Mattias Ekholm is hit by Richard Panik and loses puck.
18:30 of 2nd period - Wrist shot by Magnus Paajarvi-Svensson.
18:30 of 2nd period - Stopped by Marek Mazanek with a rebound.
18:46 of 2nd period - Mark Mancari is hit by Artem Anisimov and loses puck.
19:03 of 2nd period - Vincent Trocheck is hit by Matt Delahey and loses puck.
19:53 of 2nd period - Wrist shot by Magnus Paajarvi-Svensson.
19:53 of 2nd period - Stopped by Marek Mazanek with a rebound.
Goals for this period are 0 for Gangsters vs 0 for Sewer Rats.
Shots for this period are 6 for Gangsters vs 8 for Sewer Rats.
3rd period
0:01 of 3rd period - Kyle Turris wins face-off versus Artem Anisimov in neutral zone.
0:04 of 3rd period - Snap shot by Mark Mancari.
0:04 of 3rd period - Shot Blocked by Colten Teubert.
0:10 of 3rd period - Slapshot by Mark Mancari.
0:10 of 3rd period - Stopped by Mike Condon with a rebound.
0:28 of 3rd period - Backhand shot by Maxime Sauvé.
0:28 of 3rd period - Shot Misses the Net.
0:30 of 3rd period - Snap shot by Maxime Sauvé.
0:30 of 3rd period - Shot Misses the Net.
0:38 of 3rd period - Snap shot by Devante Smith-Pelly.
0:38 of 3rd period - Stopped by Marek Mazanek without a rebound.
0:39 of 3rd period - Jonathan Marchessault wins face-off versus Gustav Nyquist in Sewer Rats zone.
0:54 of 3rd period - Wrist shot by Jared Boll.
0:54 of 3rd period - Shot Misses the Net.
1:04 of 3rd period - Jarred Tinordi is hit by Colten Teubert and loses puck.
1:15 of 3rd period - Wrist shot by Magnus Paajarvi-Svensson.
1:15 of 3rd period - Deflect By Richard Panik.
1:15 of 3rd period - Stopped by Marek Mazanek with a rebound.
1:33 of 3rd period - Wrist shot by Seth Griffith.
1:33 of 3rd period - Stopped by Marek Mazanek with a rebound.
1:35 of 3rd period - Slapshot by Michael Sdao.
1:35 of 3rd period - Shot Blocked by Steven Kampfer.
1:37 of 3rd period - Slapshot by Morgan Ellis.
1:37 of 3rd period - Stopped by Marek Mazanek with a rebound.
1:39 of 3rd period - Snap shot by Seth Griffith.
1:39 of 3rd period - Shot Misses the Net.
1:46 of 3rd period - Icing by Steven Kampfer.
1:47 of 3rd period - Vincent Trocheck wins face-off versus Maxime Sauvé in Sewer Rats zone.
1:57 of 3rd period - Minor Penalty to Jarred Tinordi for Slashing.
1:58 of 3rd period - Mark Mancari wins face-off versus Gustav Nyquist in Sewer Rats zone.
2:09 of 3rd period - Off-side.
2:10 of 3rd period - Mark Mancari wins face-off versus Artem Anisimov in neutral zone.
2:50 of 3rd period - Wrist shot by Richard Panik.
2:50 of 3rd period - Shot Blocked by Steven Kampfer.
3:55 of 3rd period - Icing by Patrik Nemeth.
3:56 of 3rd period - Artem Anisimov wins face-off versus Vincent Trocheck in Gangsters zone.
3:57 of 3rd period - Penalty to Jarred Tinordi is over, Jarred Tinordi is back on ice.
4:01 of 3rd period - Magnus Paajarvi-Svensson is hit by Vincent Trocheck and loses puck.
4:46 of 3rd period - Wrist shot by Brendan Woods.
4:46 of 3rd period - Shot Misses the Net.
4:48 of 3rd period - Slapshot by Morgan Ellis.
4:48 of 3rd period - Shot Misses the Net.
5:43 of 3rd period - Wrist shot by Jonathan Huberdeau.
5:43 of 3rd period - Goal by Jonathan Huberdeau - Gangsters : 4 - Sewer Rats : 3.
5:44 of 3rd period - Artem Anisimov wins face-off versus Kyle Turris in neutral zone.
5:47 of 3rd period - Slapshot by Patrik Nemeth.
5:47 of 3rd period - Shot Blocked by Joel Edmundson.
5:49 of 3rd period - Slapshot by Matt Delahey.
5:49 of 3rd period - Stopped by Marek Mazanek with a rebound.
6:09 of 3rd period - Richard Panik is hit by Jonathan Huberdeau and loses puck.
6:34 of 3rd period - Wrist shot by Jared Boll.
6:34 of 3rd period - Goal by Jared Boll - Gangsters : 4 - Sewer Rats : 4.
6:35 of 3rd period - Artem Anisimov wins face-off versus Kyle Turris in neutral zone.
6:43 of 3rd period - Slapshot by Kyle Turris.
6:43 of 3rd period - Goal by Kyle Turris - Gangsters : 4 - Sewer Rats : 5.
6:44 of 3rd period - Artem Anisimov wins face-off versus Kyle Turris in neutral zone.
6:49 of 3rd period - Slapshot by Colten Teubert.
6:49 of 3rd period - Stopped by Marek Mazanek without a rebound.
6:50 of 3rd period - Chris Bourque wins face-off versus Kyle Turris in Sewer Rats zone.
6:53 of 3rd period - Wrist shot by Chris Bourque.
6:53 of 3rd period - Stopped by Marek Mazanek without a rebound.
6:54 of 3rd period - Artem Anisimov wins face-off versus Kyle Turris in Sewer Rats zone.
6:59 of 3rd period - Snap shot by Chris Bourque.
6:59 of 3rd period - Shot Blocked by Mark Mancari.
7:01 of 3rd period - Snap shot by Bryan Young.
7:01 of 3rd period - Deflect By Gustav Nyquist.
7:01 of 3rd period - Shot Misses the Net.
7:01 of 3rd period - Puck is out of play.
7:02 of 3rd period - Kyle Turris wins face-off versus Artem Anisimov in Sewer Rats zone.
7:18 of 3rd period - Minor Penalty to Gustav Nyquist for High sticking.
7:19 of 3rd period - Kyle Turris wins face-off versus Devante Smith-Pelly in Gangsters zone.
7:33 of 3rd period - Snap shot by Matt Lashoff.
7:33 of 3rd period - Stopped by Mike Condon without a rebound.
7:34 of 3rd period - Mark Mancari wins face-off versus Devante Smith-Pelly in Gangsters zone.
7:45 of 3rd period - Slapshot by Ville Leino.
7:45 of 3rd period - Stopped by Mike Condon with a rebound.
7:47 of 3rd period - Slapshot by Mattias Ekholm.
7:47 of 3rd period - Stopped by Mike Condon with a rebound.
9:18 of 3rd period - Penalty to Gustav Nyquist is over, Gustav Nyquist is back on ice.
9:37 of 3rd period - Morgan Ellis is hit by Jonathan Huberdeau.
9:47 of 3rd period - William Karlsson is hit by Tomas Hertl and loses puck.
9:51 of 3rd period - Icing by William Karlsson.
9:52 of 3rd period - Tomas Hertl wins face-off versus Daniel Carr in Sewer Rats zone.
9:55 of 3rd period - Slapshot by Magnus Paajarvi-Svensson.
9:55 of 3rd period - Shot Blocked by Joel Edmundson.
9:57 of 3rd period - Slapshot by Patrik Nemeth.
9:57 of 3rd period - Deflect By John Ramage.
9:57 of 3rd period - Stopped by Marek Mazanek without a rebound.
9:58 of 3rd period - Kyle Turris wins face-off versus Tomas Hertl in Sewer Rats zone.
10:03 of 3rd period - Wrist shot by Ville Leino.
10:03 of 3rd period - Shot Misses the Net.
10:05 of 3rd period - Slapshot by John Ramage.
10:05 of 3rd period - Deflect By Ville Leino.
10:05 of 3rd period - Shot Misses the Net.
10:05 of 3rd period - Puck is out of play.
10:06 of 3rd period - Kyle Turris wins face-off versus Artem Anisimov in Gangsters zone.
10:13 of 3rd period - Snap shot by Ville Leino.
10:13 of 3rd period - Stopped by Mike Condon with a rebound.
10:21 of 3rd period - Wrist shot by Kyle Turris.
10:21 of 3rd period - Stopped by Mike Condon without a rebound.
10:22 of 3rd period - Jonathan Marchessault wins face-off versus Tomas Hertl in Gangsters zone.
10:25 of 3rd period - Snap shot by Jonathan Marchessault.
10:25 of 3rd period - Shot Blocked by Richard Panik.
10:31 of 3rd period - Backhand shot by Zach Boychuk.
10:31 of 3rd period - Deflect By Jonathan Marchessault.
10:31 of 3rd period - Shot Misses the Net.
10:31 of 3rd period - Puck is out of play.
10:32 of 3rd period - Jonathan Marchessault wins face-off versus Tomas Hertl in Gangsters zone.
10:35 of 3rd period - Wrist shot by Jared Boll.
10:35 of 3rd period - Shot Misses the Net.
10:46 of 3rd period - Wrist shot by Richard Panik.
10:46 of 3rd period - Stopped by Marek Mazanek with a rebound.
10:48 of 3rd period - Slapshot by Richard Panik.
10:48 of 3rd period - Shot Blocked by Steven Kampfer.
11:20 of 3rd period - Snap shot by Tomas Hertl.
11:20 of 3rd period - Shot Misses the Net.
11:22 of 3rd period - Snap shot by Tomas Hertl.
11:22 of 3rd period - Stopped by Marek Mazanek with a rebound.
11:26 of 3rd period - Wrist shot by Richard Panik.
11:26 of 3rd period - Shot Misses the Net.
11:28 of 3rd period - Snap shot by Tomas Hertl.
11:28 of 3rd period - Shot Blocked by Steven Kampfer.
11:30 of 3rd period - Wrist shot by Magnus Paajarvi-Svensson.
11:30 of 3rd period - Goal by Magnus Paajarvi-Svensson - Gangsters : 5 - Sewer Rats : 5.
11:31 of 3rd period - Gustav Nyquist wins face-off versus Kyle Turris in neutral zone.
11:38 of 3rd period - Wrist shot by Gustav Nyquist.
11:38 of 3rd period - Shot Misses the Net.
11:44 of 3rd period - Snap shot by Artem Anisimov.
11:44 of 3rd period - Goal by Artem Anisimov - Gangsters : 6 - Sewer Rats : 5.
11:45 of 3rd period - Artem Anisimov wins face-off versus Kyle Turris in neutral zone.
12:10 of 3rd period - Jared Boll is hit by Bryan Young and loses puck.
12:53 of 3rd period - Slapshot by Colten Teubert.
12:53 of 3rd period - Stopped by Marek Mazanek with a rebound.
13:13 of 3rd period - Gustav Nyquist is hit by Steven Kampfer and loses puck.
13:24 of 3rd period - Slapshot by Steven Kampfer.
13:24 of 3rd period - Deflect By Gustav Nyquist.
13:24 of 3rd period - Stopped by Mike Condon with a rebound.
13:26 of 3rd period - Slapshot by William Karlsson.
13:26 of 3rd period - Goal by William Karlsson - Gangsters : 6 - Sewer Rats : 6.
13:27 of 3rd period - Tomas Hertl wins face-off versus Kyle Turris in neutral zone.
13:35 of 3rd period - Minor Penalty to Mattias Ekholm for Hooking.
13:36 of 3rd period - Artem Anisimov wins face-off versus Mark Mancari in Sewer Rats zone.
15:27 of 3rd period - Backhand shot by Devante Smith-Pelly.
15:27 of 3rd period - Goal by Devante Smith-Pelly - Gangsters : 7 - Sewer Rats : 6.
15:28 of 3rd period - Maxime Sauvé wins face-off versus Vincent Trocheck in neutral zone.
15:31 of 3rd period - Martin Frk is hit by Devante Smith-Pelly.
16:00 of 3rd period - Snap shot by Ville Leino.
16:00 of 3rd period - Shot Misses the Net.
16:02 of 3rd period - Slapshot by Kyle Turris.
16:02 of 3rd period - Stopped by Mike Condon with a rebound.
16:18 of 3rd period - Mattias Ekholm is hit by Matt Delahey and loses puck.
16:45 of 3rd period - Wrist shot by Seth Griffith.
16:45 of 3rd period - Shot Blocked by Steven Kampfer.
16:47 of 3rd period - Wrist shot by Sebastian Collberg.
16:47 of 3rd period - Shot Misses the Net.
17:07 of 3rd period - Off-side.
17:08 of 3rd period - William Karlsson wins face-off versus Artem Anisimov in neutral zone.
17:42 of 3rd period - Colten Teubert is hit by Martin Frk and loses puck.
18:15 of 3rd period - Icing by Steven Kampfer.
18:16 of 3rd period - Jonathan Marchessault wins face-off versus Seth Griffith in Sewer Rats zone.
18:53 of 3rd period - Sewer Rats, Marek Mazanek is pulled from the net.
19:04 of 3rd period - Minor Penalty to Gustav Nyquist for Hooking.
19:05 of 3rd period - Devante Smith-Pelly wins face-off versus Mark Mancari in Gangsters zone.
Goals for this period are 3 for Gangsters vs 4 for Sewer Rats.
Shots for this period are 14 for Gangsters vs 12 for Sewer Rats.
Back to the Top